 Dungeon Crawl Stone Soup version 0.31-a0-1272-g9f703e4c1d (webtiles) character file.

Game seed: 10024831430818762326

2573 Bnni the Skirmisher (level 9, -5/47 HPs)
             Began as a Spriggan Hunter on Dec 16, 2023.
             Was a Follower of Fedhas.
             Slain by Duvessa
             ... wielding a +0 rapier
              (9 damage)
             ... on level 7 of the Dungeon on Dec 17, 2023.
             The game lasted 00:08:45 (5210 turns).

Bnni the Skirmisher (Spriggan Hunter)               Turns: 5210, Time: 00:08:46

Health: -5/47      AC:  2    Str:  7    XL:     9   Next: 32%
Magic:  13/13      EV: 24    Int: 11    God:    Fedhas [*.....]
Gold:   359        SH:  0    Dex: 22    Spells: 8/8 levels left

rFire   + . .        v - +0 orcbow
rCold   . . .        (shield currently unavailable)
rNeg    . . .        F - +0 robe {rF+}
rPois   +            (helmet restricted)
rElec   .            (no cloak)
rCorr   .            (gloves unavailable)
SInv    +            (boots unavailable)
Will    +....        l - amulet of the acrobat
Stlth   ++           (no ring)
HPRegen 0.27/turn    G - ring of poison resistance
MPRegen 0.13/turn

%: acrobat
@: very quick
A: very small, no large weapons, unfitting armour, see invisible, speed 3
a: Renounce Religion


You were on level 7 of the Dungeon.
You worshipped Fedhas.
Fedhas was aware of your devotion.
You visited 2 branches of the dungeon, and saw 8 of its levels.

You collected 359 gold pieces.

Inventory:

Hand Weapons
 o - a +2 sling of flaming
 v - a +0 orcbow (weapon)
 x - a +1 dagger of venom
 B - a +1 heavy shortbow
Armour
 E - an orb of guile
 F - a +0 robe of fire resistance (worn)
Jewellery
 l - an amulet of the acrobat (around neck)
 s - an amulet of reflection
 G - a ring of poison resistance (right hand)
Wands
 c - a wand of polymorph (10)
 r - a wand of flame (20)
 y - a wand of quicksilver (5)
 z - a wand of mindburst (1)
 C - a wand of charming (10)
Scrolls
 a - a scroll of fear {unknown}
 b - a scroll of butterflies
 d - a scroll of enchant armour {unknown}
 e - 3 scrolls of poison {unknown}
 h - a scroll of amnesia {unknown}
 j - 2 scrolls of teleportation {unknown}
 m - a scroll of brand weapon {unknown}
 p - 2 scrolls of blinking
 t - a scroll of torment {unknown}
 u - 2 scrolls of immolation {unknown}
 w - a scroll of vulnerability {unknown}
Potions
 f - a potion of magic
 g - a potion of brilliance
 i - a potion of might
 k - 3 potions of lignification
 n - a potion of enlightenment {unknown}
 q - 2 potions of heal wounds
 A - 2 potions of curing {unknown}
 D - 2 potions of haste {unknown}


   Skills:
 + Level 5.1 Fighting
 * Level 9.4 Ranged Weapons
 + Level 8.2 Dodging
 - Level 1.5 Stealth
 + Level 4.2 Invocations


You had 8 spell levels left.
You didn't know any spells.
Your spell library contained the following spells:

 Spells                   Type           Power      Damage    Failure   Level
 Freeze                   Ice            0%         1d3       34%         1
 Ensorcelled Hibernation  Hex/Ice        0%         N/A       47%         2
 Passwall                 Tmut/Erth      0%         N/A       47%         2
 Dazzling Flash           Conj/Hex       0%         N/A       71%         3
 Frozen Ramparts          Ice            0%         1d1       71%         3
 Hailstorm                Conj/Ice       0%         3d5       71%         3
 Swiftness                Air            0%         N/A       71%         3
 Volatile Blastmotes      Fire/Tloc      0%         2d10      71%         3
 Starburst                Conj/Fire      0%         6d3       100%        6
 Maxwell's Capacitive Co  Air            0%         ∞         100%        8


Dungeon Overview and Level Annotations

Branches:
Dungeon (7/15)             Temple (1/1) D:5

Altars:
Ashenzari
Cheibriados
Elyvilon
Fedhas
Gozag
Kikubaaqudgha
Makhleb
Nemelex Xobeh
Okawaru
Qazlal
Ru
Sif Muna
Trog
Vehumet
Xom
Yredelemnul
Zin
The Shining One

Shops:
D:4 [

Annotations:
D:7 Dowan, Duvessa


Innate Abilities, Weirdness & Mutations

You are very small and have problems with some larger weapons.
You are too small for most types of armour.
You have supernaturally acute eyesight. (SInv)
You cover ground extremely quickly. (Speed+++)


Message History

Aim: Duvessa, wielding a +0 rapier, wearing a +0 ring mail and carrying a wand of flame (heavily wounded, chance to affect: 47%) Duvessa resists with some effort.
Duvessa zaps a wand.
The puff of flame hits you. You resist.
Unknown command.
Unknown command.
Aiming: Mindburst
Press: ? - help, Shift-Dir - straight line, f/p - Duvessa
Aim: Duvessa, wielding a +0 rapier, wearing a +0 ring mail and carrying a wand of flame (heavily wounded, chance to affect: 47%) Duvessa's mind is blasted!
Duvessa hits you with a +0 rapier!
* * * LOW HITPOINT WARNING * * *
Unknown command.
Unknown command.
Aiming: Mindburst
Press: ? - help, Shift-Dir - straight line, f/p - Duvessa
Aim: Duvessa, wielding a +0 rapier, wearing a +0 ring mail and carrying a wand of flame (almost dead, chance to affect: 47%) Duvessa resists with some effort.
Duvessa completely misses you.
Unknown command.
Unknown command.
Aiming: Mindburst
Press: ? - help, Shift-Dir - straight line, f/p - Duvessa
Aim: Duvessa, wielding a +0 rapier, wearing a +0 ring mail and carrying a wand of flame (almost dead, chance to affect: 47%) Duvessa resists with some effort.
Dowan casts a spell.
Dowan blinks!
Aiming: Mindburst
Press: ? - help, Shift-Dir - straight line, f/p - Duvessa
Aim: Duvessa, wielding a +0 rapier, wearing a +0 ring mail and carrying a wand of flame (almost dead, chance to affect: 47%) Duvessa resists with some effort.
Duvessa completely misses you.
Unknown command.
Aiming: Mindburst
Press: ? - help, Shift-Dir - straight line, f/p - Duvessa
Aim: Duvessa, wielding a +0 rapier, wearing a +0 ring mail and carrying a wand of flame (severely wounded, chance to affect: 47%) Duvessa resists with some effort.
Duvessa says, "Beauty is only skin deep, and my weapons penetrate much further than that."
Duvessa hits you with a +0 rapier!
* * * LOW HITPOINT WARNING * * *
You shoot an arrow. The arrow barely misses Duvessa.
Duvessa hits you with a +0 rapier!
You die...
Fedhas appreciates your contribution to the ecosystem.

# #.....# # #.....#
#####.###.# ## ##
#.....# #.# #. .#
#.###.###.## #.#.#
#.###......###...
.............##.# #
#.##..#....#.##.####....
#.##............@e......
#.....)=......##e###....
......).......##.# .
.###...).....###)#
†....#.....### #.#
.#####.....# #.# .#
#...### #.. .# #...# ...
.# #...#


You could see Duvessa and Dowan.

Vanquished Creatures
  Pikel (D:6)
  2 ice beasts
  A black bear (D:5)
  2 sky beasts
  A centaur (D:5)
  A lemure (D:6)
  A phantom (D:5)
  2 bullfrogs
  3 scorpions
  4 wights (D:6)
  A howler monkey (D:4)
  A gnoll bouda (D:6)
  5 hounds
  A jelly (D:5)
  3 iguanas
  Ijyb (D:4)
  3 sleepcaps
  7 orc wizards
  Robin (D:3)
  9 gnolls
  14 adders
  4 ufetubi
  3 worms
  5 dart slugs
  16 orcs
  8 ball pythons
  11 endoplasms
  3 giant cockroaches
  15 goblins
  13 hobgoblins
  15 kobolds
  2 bats
  4 frilled lizards
  6 rats
169 creatures vanquished.

Vanquished Creatures (others)
  A shadow imp (D:6)
1 creature vanquished.

Grand Total: 170 creatures vanquished

Notes
Turn   | Place    | Note
-------+----------+-------------------------------------------
     0 | D:1      | Bnni the Spriggan Hunter began the quest for the Orb.
     0 | D:1      | Reached XP level 1. HP: 10/10 MP: 2/2
   137 | D:1      | Reached XP level 2. HP: 15/15 MP: 3/3
   835 | D:2      | Reached XP level 3. HP: 18/18 MP: 4/4
  1204 | D:2      | Reached XP level 4. HP: 23/23 MP: 5/5
  1395 | D:3      | Reached skill level 5 in Ranged Weapons
  1591 | D:3      | Noticed Robin
  1613 | D:3      | Killed Robin
  1781 | D:3      | Reached XP level 5. HP: 26/27 MP: 6/6
  2061 | D:4      | Found Tungeow Huynt's Armour Boutique.
  2169 | D:4      | Found a large runed translucent door.
  2169 | D:4      | Found a large runed translucent door.
  2180 | D:4      | Noticed Ijyb
  2189 | D:4      | Killed Ijyb
  2195 | D:4      | Reached XP level 6. HP: 25/32 MP: 7/7
  2273 | D:4      | Reached skill level 6 in Ranged Weapons
  2344 | D:4      | Found an ancient bone altar of Kikubaaqudgha.
  2347 | D:4      | Found a glowing silver altar of Zin.
  2493 | D:4      | Reached skill level 5 in Dodging
  2733 | D:4      | Found a bloodstained altar of Trog.
  2827 | D:5      | Entered Level 5 of the Dungeon
  2845 | D:5      | Reached XP level 7. HP: 33/36 MP: 8/8
  3037 | D:5      | Found a staircase to the Ecumenical Temple.
  3045 | Temple   | Entered the Ecumenical Temple
  3050 | Temple   | Became a worshipper of Fedhas Madash
  3073 | D:5      | Reached skill level 7 in Ranged Weapons
  3226 | D:5      | Reached skill level 1 in Invocations
  3381 | D:5      | Reached XP level 8. HP: 28/42 MP: 10/10
  3560 | D:5      | Reached * piety under Fedhas
  3917 | D:5      | Reached skill level 8 in Ranged Weapons
  4630 | D:6      | Noticed Pikel
  4659 | D:6      | Killed Pikel
  4660 | D:6      | Reached skill level 9 in Ranged Weapons
  4660 | D:6      | Reached XP level 9. HP: 46/46 MP: 12/12
  4738 | D:6      | Reached skill level 5 in Fighting
  4993 | D:7      | Upgraded the game from 0.31-a0-1242-g57893ffec4 to
                  | 0.31-a0-1272-g9f703e4c1d
  5189 | D:7      | Noticed Dowan
  5190 | D:7      | Noticed Duvessa
  5210 | D:7      | Slain by Duvessa

Illustrated notes

Levels and vault maps discovered:
D:1:      evilmike_arrival_home_sweet_home, layout_loops_corners,
          minmay_misc_feat_pillars
D:2:      layout_basic
D:3:      layout_basic, grunt_ministairs_3, uniq_robin
D:4:      layout_cave_pools, lemuel_coloured_pillars_altar,
          jmf_multi_god_temple2, serial_shops, shop, uniq_ijyb
D:5:      layout_basic, minmay_temple_entry_junction_2,
          minmay_increasing_density
D:6:      layout_basic, uniq_pikel
D:7:      layout_loops_cross, nzn_wu_jian_contemplation,
          nicolae_hepliaklqana_hazy_memory, minmay_crossroads, uniq_duvessa,
          uniq_prince_ribbit1, uniq_crazy_yiuf_cottage
Temple:   minmay_freezing_vapour_temple

Skill      XL: |  1  2  3  4  5  6  7  8  9 |
---------------+----------------------------+-----
Dodging        | 3 4 5 6 7 8 |  8.2
Fighting       | 2 3 4 5 |  5.1
Ranged Weapons | 5 6 7 9 |  9.4
Invocations    | 1 3 4 |  4.2
Stealth        | |  1.5

Action                     |  1- 3 |  4- 6 |  7- 9 || total
---------------------------+-------+-------+-------++-------
   Fire: Shortbow          |   112 |    63 |       ||   175
         Sling             |       |   144 |    78 ||   222
         Orcbow            |       |       |   222 ||   222
  Evoke: Wand              |       |       |     8 ||     8
    Use: Scroll            |       |       |     6 ||     6
 Armour: Robe              |     5 |    32 |    38 ||    75
  Dodge: Dodged            |    15 |    86 |   103 ||   204

Table legend: (Time is in decaauts)
 A = Elapsed time spent in this place.
 B = Non-inter-level travel time spent in this place.
 C = Inter-level travel time spent in this place.
 D = Time resting spent in this place.
 E = Time spent auto-exploring this place.
 F = Levels seen in this place.
 G = Mean time per level.
                   A        B        C        D        E       F      G
               +--------+--------+--------+--------+--------+-----+--------+
         Total |   3755 |   3662 |     93 |    101 |   2591 |   8 |  469.4 |
       Dungeon |   3748 |   3657 |     91 |    101 |   2591 |   7 |  535.4 |
        Temple |      7 |      5 |      2 |      0 |      0 |   1 |    7.0 |
               +--------+--------+--------+--------+--------+-----+--------+

Top non-repeatable levels by time:
     D:5: 963 daAuts
     D:6: 635 daAuts
     D:4: 573 daAuts
     D:3: 520 daAuts
     D:1: 515 daAuts
     D:2: 364 daAuts
     D:7: 175 daAuts
  Temple: 7 daAuts
